[Event "Team 45 45 League T65"]
[Site "Internet Chess Club"]
[Date "2015.07.07"]
[Round "5"]
[White "AlPearson"]
[Black "PostMike"]
[Result "0-1"]
[WhiteElo "1424"]
[BlackElo "1482"]
[Opening "Nimzo-Indian: three knights variation"]
[ECO "E21"]
[Time "14:16:54"]
[TimeControl "2700+45"]

1. d4 Nf6 2. c4 e6 3. Nf3 Bb4+ 4. Nc3 O-O 5. Bg5 h6 6. Bh4 c5 7. e3 cxd4 8. Nxd4
Bxc3+ 9. bxc3 b6 10. Be2 Bb7 11. O-O Nc6 12. Nb5 g5 13. Bg3 Ne8 14. Bh5 Ne7 15.
Nd6 Bc6 16. h4 Ng6 17. Nxf7 Rxf7 18. Bxg6 Rg7 19. Qd3 Qf6 20. Be4 Rc8 21. a4 e5
22. hxg5 Bxe4 23. Qxe4 Rxg5 24. Bh4 Qg6 25. Bxg5 Qxe4 26. Bxh6 Rxc4 27. Rad1 Qc6
28. Rd2 Qxh6 29. Rfd1 d6 30. Rd3 Rh4 31. Kf1 Rh1+ 32. Ke2 Rxd1 33. Rxd1 Kf7 34.
g3 Ke6 35. Kd3 Qg6+ 36. Kc4 Qg4+ 37. Kb5 Qxd1 38. a5 bxa5 39. Kxa5 Qa1+ 40. Kb4
Nc7 41. f4 e4 42. g4 Qb2+ 43. Kc4 Qb5+ 44. Kd4 Qd5# {White checkmated} 0-1

[Event "Team 45 45 League T65"]
[Site "Internet Chess Club"]
[Date "2015.07.05"]
[Round "5"]
[White "Pomberito"]
[Black "PoisonPawn"]
[Result "1-0"]
[WhiteElo "2025"]
[BlackElo "2105"]
[Opening "Sicilian: Taimanov variation"]
[ECO "B48"]
[Time "14:05:50"]
[TimeControl "2700+45"]

1. e4 c5 2. Nf3 e6 3. d4 cxd4 4. Nxd4 Nc6 5. Nc3 Qc7 6. Be3 a6 7. Qf3 Ne5 8. Qg3
Nf6 9. O-O-O b5 10. f4 Neg4 11. Bg1 b4 12. Na4 h5 13. Bd3 d5 14. e5 Ne4 15. Bxe4
dxe4 16. Nb3 Bb7 17. Bb6 Qc6 18. h3 Nh6 19. Qg5 Be7 20. Qxg7 Rg8 21. Qxh6 Qxa4
22. Nc5 Qxa2 23. Nxb7 Rxg2 24. Qh8+ Bf8 25. Nd6+ Kd7 26. Nxe4+ Kc6 27. Bf2 Rxf2
28. Nxf2 Bc5 29. Qxa8+ {Black resigns} 1-0

[Event "Team 45 45 League T65"]
[Site "Internet Chess Club"]
[Date "2015.07.01"]
[Round "5"]
[White "ANGELLR"]
[Black "f5"]
[Result "1/2-1/2"]
[WhiteElo "1969"]
[BlackElo "2090"]
[Opening "Dutch with c4 & Nc3"]
[ECO "A85"]
[Time "22:00:48"]
[TimeControl "2700+45"]

1. d4 f5 2. c4 Nf6 3. Nc3 g6 4. f3 Bg7 5. e4 d6 6. Be3 Nc6 7. Bd3 e5 8. d5 Ne7
9. Nge2 O-O 10. Qd2 a6 11. c5 Kh8 12. h3 f4 13. Bf2 Nd7 14. cxd6 cxd6 15. Nc1
Bf6 16. b4 Rg8 17. Nb3 Rg7 18. a4 Nf8 19. a5 Bd7 20. b5 Qe8 21. Qe2 Rc8 22. Rc1
axb5 23. Nxb5 Rxc1+ 24. Nxc1 Bxb5 25. Bxb5 Qc8 26. Qc4 Qxc4 27. Bxc4 Nc8 28. Kd2
Rc7 29. Kd3 Nd7 30. Nb3 Bd8 31. Rb1 Kg7 32. Bb5 Kf6 33. Bxd7 Rxd7 34. Rc1 Rc7
35. Rxc7 Bxc7 36. Kc4 h6 37. Kb5 Ke7 38. Nd2 Kd7 39. Nc4 Bd8 40. Nb6+ Bxb6 41.
Bxb6 Ke7 42. a6 bxa6+ 43. Kxa6 Kd7 44. Kb7 Ne7 45. Bf2 Ng8 46. Bb6 Nf6 47. Bf2
g5 48. Be1 Ne8 49. Ba5 {Game drawn by mutual agreement} 1/2-1/2

[Event "Team 45 45 League T65"]
[Site "Internet Chess Club"]
[Date "2015.07.04"]
[Round "5"]
[White "Freitac"]
[Black "WCourson"]
[Result "0-1"]
[WhiteElo "1811"]
[BlackElo "1884"]
[Opening "Dutch"]
[ECO "A96"]
[Time "13:46:08"]
[TimeControl "2700+45"]

1. d4 f5 2. Nf3 Nf6 3. g3 e6 4. Bg2 Be7 5. c4 d6 6. Nc3 O-O 7. O-O a5 8. b3 Qe8
9. Bb2 Qh5 10. Ne1 e5 11. dxe5 dxe5 12. Nd5 Bd6 13. c5 Ng4 14. h3 Nxf2 15. Rxf2
Bxc5 16. Bxe5 Bxf2+ 17. Kxf2 f4 18. Bxf4 Bxh3 19. Nf3 Be6 20. Ne3 g5 21. Bxc7 g4
22. Qd6 Ra6 23. Qe7 gxf3 24. exf3 Re8 25. Qf6 Bh3 26. Qf4 Bxg2 27. Kxg2 Rae6 28.
Rh1 Qg6 29. Bxb8 Rxe3 30. Rh6 Re2+ 31. Kh3 Qg7 32. Rh5 Qd7+ 33. g4 R2e6 34. Be5
Qf7 35. Rf5 Qd7 36. Rh5 Rf8 37. Rg5+ Rg6 38. Rxg6+ hxg6 39. Qe4 Qc6 40. Qxc6
bxc6 41. f4 Rd8 42. Bc7 Rd2 43. Bxa5 Rxa2 44. b4 c5 45. Kg3 Ra4 46. Bc7 cxb4 47.
Kf3 b3 48. Be5 Ra2 {White resigns} 0-1

[Event "Team 45 45 League T65"]
[Site "Internet Chess Club"]
[Date "2015.07.05"]
[Round "5"]
[White "flacoligth"]
[Black "G-force"]
[Result "1/2-1/2"]
[WhiteElo "2033"]
[BlackElo "2108"]
[Opening "Bogo-Indian defense, Grünfeld variation"]
[ECO "E11"]
[Time "21:01:07"]
[TimeControl "2700+45"]

1. d4 Nf6 2. c4 e6 3. Nf3 Bb4+ 4. Nbd2 b6 5. a3 Bxd2+ 6. Bxd2 h6 7. e3 Bb7 8.
Be2 d6 9. O-O O-O 10. b4 Nbd7 11. a4 Ne4 12. a5 Ndf6 13. Be1 c5 14. a6 Bc6 15.
b5 Bd7 16. dxc5 dxc5 17. Ne5 Qc7 18. f4 Rad8 19. Bd3 Nd6 20. Rc1 Nf5 21. Qe2 Ne8
22. g4 Ne7 23. Bh4 f6 24. Nf3 Nd6 25. Rcd1 Be8 26. e4 Ng6 27. Bg3 e5 28. fxe5
fxe5 29. Nxe5 Rxf1+ 30. Kxf1 Nxe5 31. Bxe5 Qe7 32. Bc3 Nxe4 33. Kg2 Bg6 34. Re1
Re8 35. Qf3 h5 36. h3 hxg4 37. hxg4 Qe6 38. Bb2 Re7 39. Re3 Re8 40. Ba1 Re7 41.
Bb2 Re8 42. Ba1 {Game drawn by mutual agreement} 1/2-1/2

[Event "Team 45 45 League T65"]
[Site "Internet Chess Club"]
[Date "2015.07.02"]
[Round "5"]
[White "ChessRooklift"]
[Black "roji"]
[Result "0-1"]
[WhiteElo "1882"]
[BlackElo "1946"]
[Opening "Queen's pawn game"]
[ECO "A45"]
[Time "20:10:41"]
[TimeControl "2700+45"]

1. d4 Nf6 2. Nc3 g6 3. h4 h5 4. Nf3 d6 5. Bg5 Bf5 6. e3 Nbd7 7. Bd3 Bxd3 8. Qxd3
c5 9. O-O Bg7 10. Rfe1 O-O 11. Ne2 Qc7 12. c3 e5 13. Ng3 Rfe8 14. e4 Nh7 15. Be3
c4 16. Qd2 Ndf6 17. d5 Ng4 18. Re2 Nxe3 19. Qxe3 Qe7 20. Qd2 Bf6 21. Qc2 Bxh4
22. Nxh4 Qxh4 23. Re3 Qg4 24. Qe2 Qc8 25. Nxh5 gxh5 26. Qxh5 f6 27. Qg6+ Kh8 28.
Rh3 Qd7 29. Qxf6+ Qg7 30. Qxd6 Rg8 31. g3 Rad8 32. Qc5 Qg4 33. Kg2 Qxe4+ 34. Kh2
b6 35. Qe7 Qf5 36. Rf1 Rd7 37. Qh4 e4 38. Kg1 Rxd5 39. Re1 Rd2 40. Rh2 Rf8 41.
Qxe4 Qxe4 42. Rxe4 Rf7 43. Rxc4 Rxb2 44. a4 Kg7 45. f4 Rb1+ 46. Kf2 Nf6 47. Kf3
Rd7 48. Re2 Rbd1 49. a5 bxa5 50. f5 Nd5 51. Re6 Rd3+ 52. Kg2 Ne3+ {White
resigns} 0-1

[Event "Team 45 45 League T65"]
[Site "Internet Chess Club"]
[Date "2015.07.04"]
[Round "5"]
[White "drbishop"]
[Black "fledermaus"]
[Result "0-1"]
[WhiteElo "1766"]
[BlackElo "1915"]
[Opening "QGD: classical variation (5.Bf4)"]
[ECO "D37"]
[Time "15:00:53"]
[TimeControl "2700+45"]

1. d4 d5 2. c4 e6 3. Nf3 Nf6 4. Nc3 Be7 5. Bf4 c5 6. cxd5 exd5 7. e3 O-O 8. h3
Nc6 9. Bd3 cxd4 10. Nxd4 Nxd4 11. exd4 Be6 12. O-O Bd6 13. Qd2 a6 14. Rac1 Qd7
15. Bxd6 Qxd6 16. Na4 Ne4 17. Qa5 b5 18. Nc5 Bf5 19. f3 Ng3 20. Bxf5 Nxf5 21.
Rfd1 Rfc8 22. b4 Ne3 23. Nb7 Qg3 24. Qd8+ Rxd8 25. Rd2 Nc4 26. Re2 Re8 27. Rce1
Qxe1+ {White resigns} 0-1

[Event "Team 45 45 League T65"]
[Site "Internet Chess Club"]
[Date "2015.07.05"]
[Round "5"]
[White "jonesey"]
[Black "Axagus"]
[Result "1/2-1/2"]
[WhiteElo "1878"]
[BlackElo "1717"]
[Opening "English opening"]
[ECO "A17"]
[Time "15:01:42"]
[TimeControl "2700+45"]

1. c4 Nf6 2. Nc3 e6 3. g3 d5 4. Bg2 d4 5. Ne4 e5 6. d3 Nxe4 7. Bxe4 f5 8. Bg2
Bd6 9. Nf3 O-O 10. c5 Bxc5 11. Qb3+ Kh8 12. Nxe5 Qe7 13. Nf3 Nc6 14. O-O Qe6 15.
Qc2 Bb6 16. a3 Bd7 17. b4 Rae8 18. Re1 a5 19. b5 Ne5 20. Ng5 Qg6 21. a4 Bc8 22.
Nh3 Ng4 23. Nf4 Qd6 24. Ba3 Qd7 25. Bxf8 Rxf8 26. Nd5 Qd6 27. Rac1 f4 28. Nxb6
fxg3 29. f4 Qxf4 30. Rf1 Qe3+ 31. Kh1 Nf2+ 32. Rxf2 gxf2 33. Nxc8 Rxc8 34. Bxb7
Re8 35. Bf3 Qxf3+ 36. exf3 Re1+ 37. Rxe1 fxe1=Q+ 38. Kg2 Qc3 39. Qe2 h6 40. Kg3
Qb4 {Game drawn by mutual agreement} 1/2-1/2

[Event "Team 45 45 League T65"]
[Site "Internet Chess Club"]
[Date "2015.07.05"]
[Round "5"]
[White "terry-song"]
[Black "CaoCao"]
[Result "1/2-1/2"]
[WhiteElo "1805"]
[BlackElo "1941"]
[Opening "Caro-Kann: exchange, Rubinstein variation"]
[ECO "B13"]
[Time "17:36:37"]
[TimeControl "2700+45"]

1. e4 c6 2. d4 d5 3. exd5 cxd5 4. Bd3 Nf6 5. c3 Nc6 6. Bf4 g6 7. Nf3 Bg4 8. Nbd2
Bg7 9. h3 Bxf3 10. Nxf3 O-O 11. O-O Qb6 12. Qe2 Rfe8 13. Ne5 Nxe5 14. dxe5 Nd7
15. c4 dxc4 16. Bxc4 Nf8 17. Bb3 Ne6 18. Be3 Nd4 19. Qc4 Bxe5 20. Qxf7+ Kh8 21.
Rad1 Ne2+ 22. Kh1 Ng3+ 23. Kg1 Ne2+ 24. Kh1 Ng3+ 25. Kg1 Ne2+ {Game drawn by
repetition} 1/2-1/2

[Event "Team 45 45 League T65"]
[Site "Internet Chess Club"]
[Date "2015.07.04"]
[Round "5"]
[White "achessman"]
[Black "soccerisfun"]
[Result "1-0"]
[WhiteElo "1917"]
[BlackElo "1776"]
[Opening "Ruy Lopez: Schliemann defense"]
[ECO "C63"]
[Time "17:11:32"]
[TimeControl "2700+45"]

1. e4 e5 2. Nf3 Nc6 3. Bb5 f5 4. d4 fxe4 5. Bxc6 dxc6 6. Nxe5 Nf6 7. O-O Bd6 8.
Nc3 O-O 9. Bg5 Bf5 10. Qe2 h6 11. Bxf6 Qxf6 12. Nxe4 Bxe4 13. Qxe4 Rae8 14. Rae1
Qf4 15. Qxf4 Rxf4 16. Nf3 Ref8 17. c3 c5 18. Ne5 Bxe5 19. dxe5 g5 20. f3 Re8 21.
e6 Rf6 22. Re5 Rfxe6 23. Rxe6 Rxe6 24. Kf2 Kf7 25. h4 gxh4 26. Rh1 Ra6 27. a3
Rb6 28. b4 cxb4 29. cxb4 Ra6 30. Rxh4 Rxa3 31. Rxh6 Ra4 32. b5 Ra5 33. Rh7+ Kf6
34. b6 cxb6 35. g4 b5 36. Rxb7 a6 37. f4 Ra4 38. Rb6+ Kf7 39. Kg3 b4 40. g5 a5
41. Kg4 Ra3 42. g6+ Kg7 43. Kf5 Rc3 44. Rb7+ Kh6 45. Rh7# {Black checkmated} 1-0

[Event "Team 45 45 League T65"]
[Site "Internet Chess Club"]
[Date "2015.07.01"]
[Round "5"]
[White "Constrictor"]
[Black "jon314159"]
[Result "0-1"]
[WhiteElo "1581"]
[BlackElo "1596"]
[Opening "QGD: Tarrasch, Wagner variation"]
[ECO "D33"]
[Time "20:04:10"]
[TimeControl "2700+45"]

1. Nf3 d5 2. d4 e6 3. c4 c5 4. Nc3 Nc6 5. cxd5 exd5 6. g3 Nf6 7. Bg2 Bg4 8. dxc5
Bxc5 9. O-O O-O 10. Bg5 d4 11. Ne4 Be7 12. Nxf6+ Bxf6 13. Bxf6 Qxf6 14. Rc1 Rfe8
15. Re1 Rad8 16. Qb3 Re7 17. Kf1 Rde8 18. Ng1 Ne5 19. Qd5 d3 20. exd3 Nxd3 21.
Rxe7 Qxf2# {White checkmated} 0-1

[Event "Team 45 45 League T65"]
[Site "Internet Chess Club"]
[Date "2015.07.05"]
[Round "5"]
[White "IshanR"]
[Black "alexping"]
[Result "1/2-1/2"]
[WhiteElo "1835"]
[BlackElo "1916"]
[Opening "French: Winawer, Alekhine (Maróczy) gambit"]
[ECO "C15"]
[Time "11:19:33"]
[TimeControl "2700+45"]

1. e4 e6 2. d4 d5 3. Nc3 Bb4 4. Ne2 c5 5. dxc5 Nc6 6. a3 Bxc5 7. exd5 exd5 8.
Qxd5 Qb6 9. Ne4 Be7 10. N2c3 Nf6 11. Nd6+ Bxd6 12. Qxd6 Be6 13. Nb5 Rc8 14. Be3
Qd8 15. O-O-O Bd7 16. Bg5 a6 17. Re1+ Be6 18. Qxd8+ Kxd8 19. Nd6 Rc7 20. Ne4 h6
21. Bf4 Re7 22. Nc5 Kc8 23. Nxe6 fxe6 24. Bc4 e5 25. Be3 b5 26. Bb3 Nd7 27. f3
Rhe8 28. Bf2 Na5 29. Bd5 Nf6 30. Be4 Nxe4 31. Rxe4 Nc6 32. Rd1 Re6 33. Bc5 h5
34. Rd6 Rxd6 35. Bxd6 Kd7 36. Bc5 Na5 37. a4 Kc6 38. Bf2 Nc4 39. Bg3 Kd5 40.
axb5 axb5 41. b3 Nd6 42. Re2 Nf5 43. Rd2+ Kc6 44. Bf2 Ra8 45. Kb2 Ne7 46. Bg3
Ng6 47. Kc3 Ra7 48. Kd3 Rd7+ 49. Ke3 Rxd2 50. Kxd2 Kd5 51. Kd3 Ne7 52. c4+ bxc4+
53. bxc4+ Ke6 54. Ke4 Nc6 55. Be1 Nb8 56. Bc3 Nd7 57. Bb4 g6 58. c5 Nf6+ 59. Kd3
Kd5 60. Ba3 g5 61. h3 g4 62. hxg4 hxg4 63. Bb2 gxf3 {Game drawn by mutual
agreement} 1/2-1/2

[Event "Team 45 45 League T65"]
[Site "Internet Chess Club"]
[Date "2015.07.04"]
[Round "5"]
[White "bobhill"]
[Black "Signalman"]
[Result "0-1"]
[WhiteElo "2010"]
[BlackElo "1813"]
[Opening "Queen's pawn"]
[ECO "A40"]
[Time "09:32:10"]
[TimeControl "2700+45"]

1. d4 e6 2. Nf3 b6 3. Bg5 Be7 4. Bxe7 Nxe7 5. e4 Bb7 6. Nbd2 c5 7. c3 O-O 8. Bd3
d5 9. e5 h6 10. h4 Ba6 11. Bc2 cxd4 12. cxd4 Nbc6 13. a3 Rc8 14. Nb3 Bc4 15. Rc1
b5 16. Nbd2 b4 17. Nxc4 dxc4 18. Be4 c3 19. bxc3 bxc3 20. O-O Qa5 21. Qd3 Nb8
22. Ra1 Rc7 23. Rfc1 Rfc8 24. Ne1 Nd7 25. g4 Nb6 26. Nc2 Nbd5 27. Qf3 Ng6 28.
Bxg6 fxg6 29. Qe4 Rf7 30. Qxg6 Nf4 31. Qe4 Nh3+ 32. Kg2 Nxf2 33. Qe2 Qd5+ 34.
Kh2 Rf3 35. Ne3 Rh3+ 36. Kg1 Qe4 37. Qa6 Rg3+ 38. Kf1 Rf8 39. Qxe6+ Kh8 40. Nf5
Qg2+ 41. Ke2 Ne4+ 42. Ke1 Qd2+ 43. Kf1 Qf2# {White checkmated} 0-1

[Event "Team 45 45 League T65"]
[Site "Internet Chess Club"]
[Date "2015.07.07"]
[Round "5"]
[White "Beetlejuice"]
[Black "beitmery"]
[Result "1-0"]
[WhiteElo "1865"]
[BlackElo "1657"]
[Opening "Benkö gambit half accepted"]
[ECO "A57"]
[Time "14:08:27"]
[TimeControl "2700+45"]

1. d4 Nf6 2. c4 c5 3. d5 b5 4. cxb5 a6 5. f3 axb5 6. e4 d6 7. Bxb5+ Bd7 8. Bxd7+
Nbxd7 9. Ne2 g6 10. O-O Bg7 11. Nec3 O-O 12. a4 Qb6 13. Na3 Ne5 14. Qe2 Rfc8 15.
Be3 Rcb8 16. Rab1 h5 17. b4 Qc7 18. bxc5 dxc5 19. Qc2 c4 20. Nab5 Qc8 21. Nd4
Nd3 22. Nc6 Rxb1 23. Nxe7+ {Black resigns} 1-0

[Event "Team 45 45 League T65"]
[Site "Internet Chess Club"]
[Date "2015.07.05"]
[Round "5"]
[White "hondocando"]
[Black "rubo"]
[Result "1-0"]
[WhiteElo "1573"]
[BlackElo "1680"]
[Opening "Caro-Kann: anti-anti-Caro-Kann defense"]
[ECO "B10"]
[Time "21:00:25"]
[TimeControl "2700+45"]

1. e4 c6 2. c4 d5 3. cxd5 cxd5 4. exd5 Qxd5 5. Nc3 Qd8 6. d4 e6 7. Nf3 Bb4 8. a3
Bxc3+ 9. bxc3 Nc6 10. Bd3 Nf6 11. Bg5 h6 12. Bh4 Qa5 13. O-O Qxc3 14. Bxf6 gxf6
15. Re1 Kf8 16. Be4 Bd7 17. Re3 Qa5 18. Rb1 Rb8 19. Reb3 Qc7 20. Qc1 Kg7 21. d5
exd5 22. Bxd5 Qd6 23. Rd3 Bf5 24. Be4 Qe6 25. Bxf5 Qxf5 26. Rdb3 Qd7 27. Qf4
Rhd8 28. h3 b6 29. Nh4 Ne7 30. Re3 Qd2 31. Rbe1 Rb7 32. Qg4+ Ng6 33. Nf5+ Kf8
34. Qh5 Ne5 35. Qxh6+ Ke8 36. f4 Qc2 37. Qxf6 Rd2 38. Rxe5+ Kd7 39. Re7+ Kc8 40.
Re8+ Kc7 41. R1e7+ {Black resigns} 1-0

[Event "Team 45 45 League T65"]
[Site "Internet Chess Club"]
[Date "2015.07.06"]
[Round "5"]
[White "nosir"]
[Black "Bible-Believer"]
[Result "0-1"]
[WhiteElo "1461"]
[BlackElo "1486"]
[Opening "Réti opening"]
[ECO "A04"]
[Time "19:00:25"]
[TimeControl "2700+45"]

1. Nf3 Nc6 2. g3 d5 3. Bg2 e5 4. d3 Nf6 5. Bg5 Be7 6. O-O h6 7. Bxf6 Bxf6 8. e4
dxe4 9. dxe4 Bg4 10. c3 O-O 11. Qc2 Qe7 12. Nbd2 Be6 13. b3 Rfd8 14. Rad1 Rd6
15. Rfe1 Rad8 16. Nf1 Rxd1 17. Rxd1 Rxd1 18. Qxd1 Qd7 19. Qc2 Be7 20. Ne3 Bc5
21. Qe2 Bxe3 22. fxe3 Bg4 23. Qc2 f6 24. h4 Nd8 25. Nd2 Nf7 26. Kf2 Bh3 27. Nf3
Nd6 28. Ng1 Bxg2 29. Kxg2 Qg4 30. Ne2 Nxe4 31. Qc1 Qxe2+ {White resigns} 0-1

[Event "Team 45 45 League T65"]
[Site "Internet Chess Club"]
[Date "2015.07.07"]
[Round "5"]
[White "GideonL"]
[Black "g8wrb"]
[Result "0-1"]
[WhiteElo "1504"]
[BlackElo "1382"]
[Opening "French: exchange variation"]
[ECO "C01"]
[Time "14:01:05"]
[TimeControl "2700+45"]

1. e4 e6 2. d4 d5 3. exd5 exd5 4. Nf3 Nf6 5. Bf4 c6 6. Nbd2 Be7 7. Bd3 Bg4 8.
O-O O-O 9. h3 Bh5 10. c3 Na6 11. Qc2 Nc7 12. Bg5 h6 13. Bxf6 Bxf6 14. g4 Bg6 15.
Bxg6 fxg6 16. Qxg6 Re8 17. Rfe1 Qd7 18. Nb3 Ne6 19. Qf5 Qd6 20. Re2 Nf4 21. Ree1
Nxh3+ 22. Kg2 Nf4+ 23. Kf1 Nh3 24. Nc5 Re7 25. Re6 Rxe6 26. Qxe6+ Qxe6 27. Nxe6
Re8 28. Re1 Kf7 29. Nc5 b6 30. Nb7 Rxe1+ 31. Kxe1 Ke7 32. a4 Nf4 33. Kd2 Kd7 34.
a5 Ne6 35. b4 Kc7 36. a6 Kd7 37. Kd3 Nc7 38. c4 Nxa6 39. cxd5 Nxb4+ 40. Kc4 Nxd5
41. Ne5+ Bxe5 42. dxe5 Ke6 43. Nd8+ Kxe5 44. Nxc6+ Kd6 45. Nxa7 Nf6 46. f3 Ke5
47. Nc6+ Kd6 48. Nd4 Ne8 49. f4 Kc7 50. Ne6+ Kc6 51. f5 b5+ 52. Kd4 Kb6 53. Nf8
Ka5 54. Kc3 Ka4 55. Kb2 Kb4 56. Nh7 Nf6 57. Nf8 Kc4 58. Ne6 Ne8 59. g5 h5 60.
Nf4 h4 61. Nh5 h3 62. f6 gxf6 63. gxf6 Nxf6 64. Nxf6 h2 {White resigns} 0-1

[Event "Team 45 45 League T65"]
[Site "Internet Chess Club"]
[Date "2015.07.05"]
[Round "5"]
[White "SeniorCitizen"]
[Black "sdcohle"]
[Result "0-1"]
[WhiteElo "1355"]
[BlackElo "1443"]
[Opening "French: advance, Steinitz variation"]
[ECO "C02"]
[Time "14:00:30"]
[TimeControl "2700+45"]

1. e4 e6 2. d4 d5 3. e5 c5 4. dxc5 Bxc5 5. Qg4 g6 6. Bb5+ Bd7 7. Bxd7+ Nxd7 8.
Nf3 Qc7 9. Qf4 Be7 10. Nc3 f5 11. exf6 Qxf4 12. Bxf4 Ngxf6 13. Nb5 Bd8 14. Nd6+
Ke7 15. Nxb7 Rb8 16. Bxb8 Nxb8 17. Nc5 Bb6 18. Nd3 Rc8 19. Rc1 Nbd7 20. O-O Kd6
21. Rfe1 Re8 22. Ng5 Re7 23. Re2 h6 24. Nf3 e5 25. Nh4 Rg7 26. g3 e4 27. Nf4 Ne5
28. Nh3 Rg8 29. Kg2 Nfg4 30. c3 Rf8 31. Kh1 Nd3 32. Rcc2 Ngxf2+ 33. Nxf2 Nxf2+
34. Kg2 Ng4 35. Nxg6 Rf6 36. Nf4 Ne3+ 37. Kh3 Nxc2 38. Rxc2 Rf5 39. Kg2 Ke5 40.
Rd2 Kd6 41. Re2 Re5 42. Rd2 Kc5 43. b3 a5 44. Re2 Kd6 45. a4 Kc5 46. g4 Kd6 47.
h4 Bd8 48. h5 Rg5 49. Kh3 Bf6 50. Rc2 Bh8 51. Ne2 Bf6 52. Rd2 Re5 53. c4 Bg5 54.
Rxd5+ Rxd5 55. cxd5 Kxd5 56. Kg3 e3 57. Kf3 Kc5 58. Nc3 Kb4 59. Ne4 e2 60. Kxe2
Bc1 61. Nd2 Kc3 62. Nb1+ Kxb3 63. g5 hxg5 64. h6 Bb2 65. h7 Kxa4 66. Nd2 Bh8 67.
Kf3 Kb4 68. Kg4 a4 69. Kxg5 a3 {White resigns} 0-1

[Event "Team 45 45 League T65"]
[Site "Internet Chess Club"]
[Date "2015.07.05"]
[Round "5"]
[White "wildcat2023"]
[Black "unclevinny"]
[Result "0-1"]
[WhiteElo "1418"]
[BlackElo "1576"]
[Opening "Levitsky attack (Queen's bishop attack)"]
[ECO "D00"]
[Time "11:03:04"]
[TimeControl "2700+45"]

1. d4 d5 2. Bg5 Nf6 3. Bxf6 exf6 4. e3 Be7 5. c3 O-O 6. Bd3 g6 7. Nd2 b6 8. Qc2
Na6 9. f4 c5 10. dxc5 Nxc5 11. O-O-O Nxd3+ 12. Qxd3 Bf5 13. Qe2 Qc7 14. g4 Be4
15. Ngf3 Rfd8 16. h4 f5 17. gxf5 Bxf5 18. h5 Bc5 19. Nh4 Qd7 20. Nc4 Bg4 21.
hxg6 fxg6 22. Qg2 Bxd1 23. Nxg6 Qg7 24. Nce5 hxg6 25. Nxg6 Kf7 26. Ne5+ Kf6 27.
Rh6+ Qxh6 28. Kxd1 Qh5+ 29. Kc1 Bxe3+ 30. Kb1 Qd1# {White checkmated} 0-1

[Event "Team 45 45 League T65"]
[Site "Internet Chess Club"]
[Date "2015.07.02"]
[Round "5"]
[White "AlPearson"]
[Black "TINAyoufatlard"]
[Result "0-1"]
[WhiteElo "1439"]
[BlackElo "1896"]
[Opening "QGD: 4.Bg5"]
[ECO "D38"]
[Time "18:07:43"]
[TimeControl "2700+45"]

1. d4 Nf6 2. c4 e6 3. Nc3 d5 4. Bg5 Bb4 5. Nf3 O-O 6. e3 c5 7. a3 Bxc3+ 8. bxc3
h6 9. Bh4 Nbd7 10. Bd3 Qa5 11. Qc2 dxc4 12. Bxc4 Nb6 13. Bxf6 Nxc4 14. Be7 Re8
15. Bxc5 b6 16. Bb4 Qh5 17. Qe2 Qd5 18. a4 a5 19. Ba3 Ba6 20. Qa2 Qc6 21. Nd2
Qxg2 22. O-O-O Qxf2 23. Rde1 Nxe3 24. Qb3 Rec8 25. Ne4 Qf4 26. Nd2 Qxd4 27. Bb2
Qd3 28. Rhg1 Rd8 29. Rxe3 Qxd2+ 30. Kb1 Qxe3 31. Rxg7+ Kh8 32. Rg3 Qe4+ 33. Ka1
Rac8 34. c4+ e5 35. Re3 Qh1+ 36. Ka2 Bxc4 37. Bxe5+ Kh7 38. Bf6 Bxb3+ 39. Kxb3
Qb1+ 40. Ka3 Qb4+ 41. Ka2 Rc2+ 42. Ka1 Rd1# {White checkmated} 0-1

[Event "Team 45 45 League T65"]
[Site "Internet Chess Club"]
[Date "2015.07.05"]
[Round "5"]
[White "skuhl99"]
[Black "chuckh2"]
[Result "1/2-1/2"]
[WhiteElo "1446"]
[BlackElo "1457"]
[Opening "English opening"]
[ECO "A05"]
[Time "13:00:28"]
[TimeControl "2700+45"]

1. Nf3 Nf6 2. c4 c6 3. g3 d5 4. Qc2 g6 5. Bg2 Bf5 6. Qb3 Qb6 7. Qxb6 axb6 8. d3
Nbd7 9. Nbd2 Bg7 10. O-O O-O 11. a3 dxc4 12. dxc4 Rfe8 13. Nd4 Nc5 14. Nxf5 gxf5
15. Rb1 Rad8 16. b4 Nce4 17. Nxe4 Nxe4 18. Bxe4 fxe4 19. Be3 b5 20. cxb5 cxb5
21. Rfc1 Rc8 22. Rc5 Rxc5 23. Bxc5 Ra8 24. Rd1 Bf6 25. Bd4 Rxa3 26. Bxf6 exf6
27. Rd5 Ra1+ 28. Kg2 Rb1 29. Rxb5 Rb3 30. e3 Kg7 31. Rxb7 Kg6 32. h4 Kg7 33. g4
Rc3 34. b5 Rb3 35. b6 h6 36. Rb8 Kh7 37. b7 Kg7 38. Kg3 Rb4 39. Kf4 Kh7 40. f3
exf3+ 41. Kxf3 Kg7 42. e4 Rb3+ 43. Kf4 Rb2 44. e5 fxe5+ 45. Kxe5 Rb5+ 46. Kd6
Rb1 47. Kc7 Rc1+ 48. Kb6 Rb1+ {Game drawn by mutual agreement} 1/2-1/2

[Event "Team 45 45 League T65"]
[Site "Internet Chess Club"]
[Date "2015.07.05"]
[Round "5"]
[White "Zyme"]
[Black "mkoga"]
[Result "1-0"]
[WhiteElo "1355"]
[BlackElo "1411"]
[Opening "QGD Slav defense"]
[ECO "D10"]
[Time "14:01:10"]
[TimeControl "2700+45"]

1. d4 d5 2. c4 c6 3. Nc3 Nf6 4. e3 Bf5 5. Nf3 e6 6. Nh4 Bg4 7. f3 Bh5 8. g4 Bg6
9. Nxg6 hxg6 10. Bd2 Nh7 11. Qe2 Qh4+ 12. Qf2 Qxf2+ 13. Kxf2 f5 14. cxd5 exd5
15. h3 Nd7 16. Bd3 O-O-O 17. gxf5 g5 18. e4 dxe4 19. fxe4 Ndf6 20. Be3 Be7 21.
Rad1 g4 22. Be2 gxh3 23. Rxh3 Bb4 24. Rd3 Bxc3 25. Rxc3 Nxe4+ 26. Kf3 Neg5+ 27.
Kg4 Nxh3 28. Kxh3 Ng5+ 29. Kg4 Ne4 30. Rd3 b5 31. Kf4 Rh4+ 32. Kf3 Rd5 33. Kg2
Rxf5 34. Bf3 Kb7 35. Bf2 Nxf2 36. Kxf2 Rh2+ 37. Ke3 Rxb2 38. d5 Rf2 39. Kxf2
cxd5 40. Rxd5 Rf6 41. Rxb5+ Ka6 42. Rb8 Rb6 43. Rxb6+ Kxb6 44. Bd5 a5 45. Ke3
Kc5 46. Ke4 a4 47. Ke5 g5 48. Be6 a3 49. Kf5 Kd6 50. Bb3 Kc5 51. Kxg5 Kb4 52.
Kf4 Kc3 53. Ke4 Kb2 54. Kd4 Kb1 55. Kc4 Ka1 56. Kb4 Kb2 57. Ka4 Kc3 58. Kxa3 Kd4
59. Kb4 Ke5 60. a4 Kd6 61. Kb5 Kc7 62. a5 Kb7 63. a6+ Ka7 64. Bd5 Kb8 65. Kb6
Kc8 66. a7 {Black resigns} 1-0

[Event "Team 45 45 League T65"]
[Site "Internet Chess Club"]
[Date "2015.07.06"]
[Round "5"]
[White "chips"]
[Black "artspir"]
[Result "0-1"]
[WhiteElo "1185"]
[BlackElo "1287"]
[Opening "Réti opening"]
[ECO "A04"]
[Time "14:00:21"]
[TimeControl "2700+45"]

1. Nf3 c6 2. d4 d5 3. e3 Nf6 4. g3 Bf5 5. Bg2 h6 6. O-O e6 7. a3 Nbd7 8. Nbd2
Bd6 9. c4 O-O 10. c5 Bc7 11. b4 b6 12. Qa4 bxc5 13. bxc5 Bd3 14. Re1 Bb5 15. Qd1
a5 16. a4 Ba6 17. Bf1 Bxf1 18. Rxf1 Rb8 19. Qc2 e5 20. Rb1 Qe7 21. Rxb8 Rxb8 22.
Bb2 e4 23. Nh4 Qe6 24. Rb1 g5 25. Ng2 Qh3 26. Bc3 Ng4 27. Nf1 Rf8 28. Rb7 Rc8
29. Qe2 f5 30. f4 exf3 31. Qxf3 f4 32. exf4 Ndf6 33. Ra7 Ne4 34. Rb7 Nxc3 35.
Qxc3 gxf4 36. Nxf4 Bxf4 37. Qf3 Be3+ 38. Kh1 Rf8 39. Qxg4+ Qxg4 40. Nxe3 Qf3+
41. Kg1 Qxe3+ 42. Kg2 Qe2+ 43. Kh3 h5 44. Rc7 Qg4+ 45. Kg2 h4 46. Rxc6 Qf3+ 47.
Kh3 hxg3 48. Rg6+ Kf7 49. Rh6 g2+ 50. Kh4 Kg7 51. Rh5 Rf4+ 52. Kg5 g1=Q# {White
checkmated} 0-1

[Event "Team 45 45 League T65"]
[Site "Internet Chess Club"]
[Date "2015.07.04"]
[Round "5"]
[White "krysto"]
[Black "room-matt"]
[Result "0-1"]
[WhiteElo "1631"]
[BlackElo "1900"]
[Opening "Budapest: Adler variation"]
[ECO "A52"]
[Time "11:11:29"]
[TimeControl "2700+45"]

1. d4 Nf6 2. c4 e5 3. dxe5 Ng4 4. Nf3 Bb4+ 5. Bd2 Qe7 6. h3 Nxe5 7. Nxe5 Bxd2+
8. Qxd2 Qxe5 9. e3 Nc6 10. Be2 O-O 11. Nc3 Re8 12. O-O d6 13. Bf3 Qg5 14. Ne4
Qg6 15. Ng3 Ne5 16. Be4 f5 17. Bd5+ Kh8 18. f4 Qxg3 19. fxe5 Rxe5 20. Rf3 Qg6
21. Kh2 c6 22. Rg3 Qf6 23. Bf3 Bd7 24. Rf1 Rae8 25. Bd1 g5 26. Rgf3 Re4 27. b3
Qe5+ 28. Kh1 g4 {White resigns} 0-1